 Seeded DCSS version 0.29-a0-887-gcbe080d7e0 (webtiles) character file.

Game seed: 570102490474017323 (custom seed)

795 wilfster70 the Twirler (level 7, -5/44 HPs)
             Began as a Gargoyle Gladiator on July 21, 2022.
             Killed by divine providence
             ... invoked by an orc priest
              (12 damage)
             ... on level 5 of the Dungeon.
             The game lasted 00:08:36 (5004 turns).

wilfster70 the Twirler (Gargoyle Gladiator)         Turns: 5004, Time: 00:08:36

Health: -5/44      AC: 11    Str: 17    XL:     7   Next: 89%
Magic:  7/7        EV: 11    Int: 11    God:
Gold:   308        SH:  0    Dex: 11    Spells: 6/6 levels left

rFire   . . .      SeeInvis +   a - +4 quarterstaff (freeze)
rCold   . . .      Faith    .   (shield currently unavailable)
rNeg    + . .      Spirit   .   j - +0 ring mail
rPois   ∞          Reflect  .   (helmet restricted)
rElec   +          Harm     .   i - +0 cloak
rCorr   .          Rampage  .   s - +0 pair of gloves
Will    .....                   (no boots)
Stlth   ..........              p - amulet of the acrobat
HPRegen 0.14/turn               o - +4 ring of slaying
MPRegen 0.10/turn               (no ring)

@: confused, on berserk cooldown, slowed, very slow
A: sickness immunity, AC +4, negative energy resistance 1, electricity
resistance, torment resistance 1, petrification resistance, horns 1, talons 1,
see invisible
a: no special abilities


You were on level 5 of the Dungeon.
You visited 1 branch of the dungeon, and saw 6 of its levels.

You collected 308 gold pieces.

Inventory:

Hand Weapons
 a - a +4 quarterstaff of freezing (weapon)
 b - a +0 sling
Missiles
 d - 3 throwing nets (quivered)
 e - a javelin
Armour
 c - a +0 helmet
 i - a +0 cloak (worn)
 j - a +0 ring mail (worn)
 s - a +0 pair of gloves (worn)
Jewellery
 m - a ring of see invisible
 o - a +4 ring of slaying (left hand)
 p - an amulet of the acrobat (around neck)
 q - an amulet of magic regeneration
Wands
 k - a wand of flame (8)
Scrolls
 f - 2 scrolls of teleportation
 n - a scroll of silence {unknown}
 u - a scroll of butterflies
 w - a scroll of enchant armour {unknown}
Potions
 g - 4 potions of lignification
 l - a potion of flight {unknown}
 r - a potion of magic {unknown}
 t - a potion of heal wounds {unknown}
 x - a potion of brilliance
 z - a potion of degeneration {unknown}


   Skills:
 + Level 5.5 Fighting
 * Level 7.4 Staves
 - Level 1.7 Throwing
 - Level 3.0 Dodging


You had 6 spell levels left.
You didn't know any spells.
Your spell library contained the following spells:

 Spells                   Type           Power      Damage    Failure   Level
 Apportation              Tloc           0%         N/A       54%         1
 Necrotise                Necr           0%         1d4       54%         1
 Summon Small Mammal      Summ           0%         N/A       54%         1
 Ensorcelled Hibernation  Hex/Ice        0%         N/A       69%         2
 Passwall                 Tmut/Erth      0%         N/A       69%         2
 Swiftness                Air            0%         N/A       89%         3


Dungeon Overview and Level Annotations

Branches:
Dungeon (6/15)
 Temple: D:4-7

Altars:
Trog
Wu Jian


Innate Abilities, Weirdness & Mutations

You are immune to sickness and miasma.
Your stone body is resilient. (AC +4)
You are immune to poison.
You resist negative energy. (rN+)
You are resistant to electric shocks. (rElec)
You are resistant to unholy torment.
You are immune to petrification.
You have a pair of small horns on your head.
You have sharp toenails.
You have supernaturally acute eyesight. (SInv)


Message History

The orc wizard closely misses you.
You bludgeon the orc!! You freeze the orc.
You kill the orc!
The orc wizard hits you with a +0 dagger.
You're too confused to move!
The orc wizard completely misses you.
The orc priest mumbles some strange prayers to Beogh against you.
Beogh smites you!
* * * LOW HITPOINT WARNING * * *
You hit the orc wizard. You freeze the orc wizard. You headbutt the orc wizard!
The orc wizard is almost dead.
The orc wizard hits you with a +0 dagger.
* * * LOW HITPOINT WARNING * * *
The orc priest hits you but does no damage.
You miss the orc priest. Your kick misses the orc priest.
The orc priest is almost dead.
The orc wizard closely misses you.
The orc priest hits you with a +0 hand axe.
* * * LOW HITPOINT WARNING * * *
It was a potion of berserk rage.
A red film seems to cover your vision as you go berserk!
You feel yourself moving faster!
You feel mighty! The orc wizard barely misses you. The orc priest misses you.
You feel a strong urge to attack something.
You're too confused to move!
The orc priest calls upon Beogh to heal the orc wizard.
The orc wizard is healed somewhat.
You bump into the rock wall.
You feel your anger nearly subside.
The orc wizard hits you with a +0 dagger.
* * * LOW HITPOINT WARNING * * *
You bump into the rock wall.
You are no longer berserk.
You are exhausted.
You feel yourself slow down.
You bump into the rock wall.
The orc wizard gestures at you while chanting.
The magic dart hits you but does no damage.
The orc priest mumbles some strange prayers to Beogh against you.
Beogh smites you!
You die...

.###.########.#.###...##########.
.###.#...........#...............
...#.#.######....#....###########
...#.#.#.........#....#
...#.#...#<......#....#
####.#########...#....#
#..........[oo#....#
#############o#....#
#.........##@#....#
#.#######.##.#....# #.#
#.##.#<#### #.# #.##.#.# #.#
#....#.# #.############.#
#..............# ################


You could see an orc priest, an orc wizard and an orc.

Vanquished Creatures
  An orc warrior (D:5)
  An ogre (D:5)
  2 centaurs (D:5)
  A necrophage (D:5)
  A hound (D:5)
  Crazy Yiuf (D:2)
  2 jellies (D:5)
  Jessica (D:2)
  An iguana (D:5)
  Natasha (thrice) (D:2)
  8 adders
  An ufetubus (D:5)
  2 dart slugs
  2 orcs (D:5)
  3 endoplasms
  2 giant cockroaches
  15 hobgoblins
  5 jackals (D:2)
  3 quokkas
  6 ball pythons
  A bat (D:3)
  4 frilled lizards
  10 goblins
  4 kobolds
  11 rats
91 creatures vanquished.

Vanquished Creatures (others)
  A fungus (D:2)
  7 plants (D:2)
8 creatures vanquished.

Grand Total: 99 creatures vanquished

Notes
Turn   | Place    | Note
-------+----------+-------------------------------------------
     0 | D:1      | wilfster70 the Gargoyle Gladiator began the quest for the
                  | Orb.
     0 | D:1      | Reached XP level 1. HP: 12/12 MP: 1/1
    12 | D:1      | You fall into a shaft and drop 1 floor!
    31 | D:2      | Reached XP level 2. HP: 13/18 MP: 2/2
   174 | D:2      | Found a faded altar of an unknown god.
   267 | D:2      | Noticed Natasha
   277 | D:2      | Killed Natasha
   278 | D:2      | Reached XP level 3. HP: 9/22 MP: 3/3
   851 | D:1      | Reached skill level 4 in Staves
   858 | D:1      | Reached XP level 4. HP: 25/27 MP: 4/4
  1491 | D:2      | Noticed Natasha
  1498 | D:2      | Killed Natasha
  1724 | D:2      | Found a runed translucent door.
  1725 | D:2      | Noticed Crazy Yiuf
  1730 | D:2      | Paralysed by Crazy Yiuf for 4 turns
  1733 | D:2      | HP: 1/28 [Crazy Yiuf/+3 quarterstaff of chaos (6)]
  1734 | D:2      | Gained mutation: You have sharp toenails. [potion of
                  | mutation]
  1734 | D:2      | Gained mutation: You have supernaturally acute eyesight.
                  | (SInv) [potion of mutation]
  1734 | D:2      | Gained mutation: You have a pair of small horns on your
                  | head. [potion of mutation]
  1735 | D:2      | Killed Crazy Yiuf
  1736 | D:2      | Reached XP level 5. HP: 1/32 MP: 5/5
  2140 | D:2      | Noticed Natasha
  2149 | D:2      | Killed Natasha
  2381 | D:2      | Noticed Jessica
  2389 | D:2      | Killed Jessica
  2534 | D:2      | Identified the +8 long sword "Roataonn" {freeze, Drain
                  | rElec Str+4 Int+4}
  2603 | D:2      | Reached skill level 5 in Staves
  3250 | D:3      | Found an ornate altar of the Wu Jian Council.
  3250 | D:3      | Found a bloodstained altar of Trog.
  3399 | D:3      | Reached XP level 6. HP: 38/38 MP: 6/6
  3804 | D:5      | Entered Level 5 of the Dungeon
  4048 | D:5      | Reached skill level 6 in Staves
  4454 | D:5      | Reached XP level 7. HP: 44/44 MP: 7/7
  4645 | D:5      | Reached skill level 5 in Fighting
  4728 | D:5      | Reached skill level 7 in Staves
  5004 | D:5      | Killed from afar by an orc priest

Illustrated notes

Levels and vault maps discovered:
D:1:      roderic_octagonal_star, layout_loops_ring, minmay_misc_feat_plants
D:2:      minmay_inner_zag, layout_basic,
          shapermc_ecumenical_altar_mp_ritualfount, uniq_crazy_yiuf_cottage,
          uniq_jessica, uniq_natasha
D:3:      kennysheep_the_goblin_king, layout_basic, minitemple
D:4:      layout_loops_cross, minmay_manual_mares
D:5:      layout_basic, grunt_tough_drop
D:6:      layout_gridville, ebering_ghost_sewer_d

Skill      XL: |  1  2  3  4  5  6  7 |
---------------+----------------------+-----
Staves         | 4 5 6 7 |  7.4
Fighting       | 3 4 5 |  5.5
Dodging        | 3 |  3.0
Throwing       | |  1.7

Action                   |  1- 3 |  4- 6 |  7- 9 || total
-------------------------+-------+-------+-------++-------
Melee: Quarterstaff      |    77 |   127 |    22 ||   226
       Kick              |       |    17 |     9 ||    26
       Headbutt          |       |    10 |     5 ||    15
Evoke: Wand              |       |       |     1 ||     1
  Use: Potion            |       |     1 |     2 ||     3
       Scroll            |       |     7 |     4 ||    11
Armor: Leather armour    |    33 |     9 |       ||    42
       Ring mail         |       |    48 |    18 ||    66
Dodge: Dodged            |    60 |   102 |    32 ||   194

Table legend: (Time is in decaauts)
 A = Elapsed time spent in this place.
 B = Non-inter-level travel time spent in this place.
 C = Inter-level travel time spent in this place.
 D = Time resting spent in this place.
 E = Time spent auto-exploring this place.
 F = Levels seen in this place.
 G = Mean time per level.
                   A        B        C        D        E       F      G
               +--------+--------+--------+--------+--------+-----+--------+
         Total |   5003 |   4843 |    160 |   1270 |   2387 |   6 |  833.8 |
       Dungeon |   5003 |   4843 |    160 |   1270 |   2387 |   6 |  833.8 |
               +--------+--------+--------+--------+--------+-----+--------+

Top non-repeatable levels by time:
     D:2: 1856 daAuts
     D:5: 1192 daAuts
     D:1: 897 daAuts
     D:3: 805 daAuts
     D:4: 246 daAuts
     D:6: 6 daAuts
